 Dungeon Crawl Stone Soup version 0.27-a0-1136-g0b992a5a9d (webtiles) character file.

Game seed: 8681855563912475328

769 flotson the Covert (level 7, -1/60 HPs)
             Began as a Gnoll Delver on May 6, 2021.
             Was a Follower of Okawaru.
             Slain by Menkaure (17 damage)
             ... on level 4 of the Dungeon.
             The game lasted 00:07:42 (5319 turns).

flotson the Covert (Gnoll Delver)                   Turns: 5319, Time: 00:07:43

Health: -1/60      AC:  6    Str: 13    XL:     7   Next: 82%
Magic:  11/11      EV:  8    Int: 10    God:    Okawaru [*.....]
Gold:   237        SH: 12    Dex: 13    Spells: 11/11 levels left

rFire    . . .     SeeInvis .   a - +0 short sword (drain)
rCold    . . .     Faith    .   o - +0 tower shield
rNeg     . . .     Spirit   .   w - +0 ring mail
rPois    .         Reflect  .   v - +0 helmet
rElec    .         Harm     .   (no cloak)
rCorr    .         Rampage  .   (no gloves)
Will     .....                  (no boots)
Stlth    ++++......             (no amulet)
HPRegen  0.20/turn              (no ring)
MPRegen  0.12/turn              (no ring)

@: no status effects
A: fangs 1, strong nose, distributed training
a: Renounce Religion, Heroism


You were on level 4 of the Dungeon.
You worshipped Okawaru.
Okawaru was aware of your devotion.
You visited 2 branches of the dungeon, and saw 6 of its levels.

You collected 237 gold pieces.

Inventory:

Hand Weapons
 a - a +0 short sword of draining (weapon)
 b - a +0 hunting sling
Missiles
 i - 22 sling bullets
 s - 19 poisoned darts (quivered)
 t - 5 boomerangs
Armour
 o - a +0 tower shield (worn)
 v - a +0 helmet (worn)
 w - a +0 ring mail (worn)
Wands
 g - a wand of digging (3)
 l - a wand of paralysis (7)
Scrolls
 c - a scroll of fog
 d - a scroll of magic mapping
 e - a scroll of fear
 j - 4 scrolls of noise {unknown}
 m - 2 scrolls of identify {unknown}
 n - a scroll of vulnerability {unknown}
 p - a scroll of immolation {unknown}
 q - a scroll of enchant weapon {unknown}
 r - 3 scrolls of teleportation {unknown}
Potions
 f - a potion of brilliance {unknown}
 h - 2 potions of haste
 k - a potion of curing
 u - a potion of cancellation {unknown}
 x - 2 potions of attraction {unknown}


   Skills:
 + Level 7.1 Fighting
 + Level 2.7 Short Blades
 + Level 2.7 Long Blades
 + Level 2.7 Axes
 + Level 2.7 Maces & Flails
 + Level 5.4 Polearms
 + Level 2.7 Staves
 + Level 2.7 Slings
 + Level 2.7 Bows
 + Level 2.7 Crossbows
 + Level 2.7 Throwing
 + Level 2.7 Armour
 + Level 5.4 Dodging
 + Level 9.9 Stealth
 + Level 2.7 Shields
 + Level 2.7 Unarmed Combat
 + Level 2.7 Spellcasting
 + Level 2.2 Conjurations
 + Level 2.2 Hexes
 + Level 2.2 Summonings
 + Level 2.2 Necromancy
 + Level 2.2 Translocations
 + Level 2.2 Transmutations
 + Level 2.2 Fire Magic
 + Level 2.2 Ice Magic
 + Level 2.2 Air Magic
 + Level 2.2 Earth Magic
 + Level 2.2 Poison Magic
 + Level 3.0 Invocations
 + Level 2.7 Evocations


You had 11 spell levels left.
You didn't know any spells.
Your spell library was empty.

Dungeon Overview and Level Annotations

Branches:
Dungeon (5/15)             Temple (1/1) D:4

Altars:
Cheibriados
Dithmenos
Fedhas
Hepliaklqana
Okawaru
Ru
Uskayaw
Zin

Annotations:
D:4 Menkaure
D:5 Eustachio


Innate Abilities, Weirdness & Mutations

You have very sharp teeth.
Your uncanny sense of smell can sniff out nearby items.
Your experience applies equally to all skills.


Message History

Aim: Eustachio, wielding a +0 falchion and wearing a +0 leather armour (very poisoned, 58% to hit)
You throw a poisoned dart. The poisoned dart hits Eustachio.
Eustachio looks even sicker.
Menkaure, Prince of Dust comes into view.
Menkaure shouts!
You puncture Menkaure!
Menkaure is moderately damaged.
Menkaure hits you.
You hit Menkaure.
Menkaure is moderately damaged.
Menkaure points at you and mumbles some strange words.
Pain shoots through your body! Menkaure hits you. Menkaure barely misses you.
There is a stone staircase leading up here.
You climb upwards.
There is a stone staircase leading down here.
You barely miss Menkaure.
Menkaure is moderately damaged.
You block Menkaure's attack.
You hit Menkaure.
Menkaure is heavily damaged.
Menkaure calls on the powers of darkness!
Your body is wracked with pain!
You hit Menkaure. You bite Menkaure, but do no damage.
Menkaure is heavily damaged.
Menkaure calls on the powers of darkness!
Your body is wracked with pain!
* * * LOW HITPOINT WARNING * * *
You closely miss Menkaure.
Menkaure is heavily damaged.
Menkaure barely misses you.
Your shield prevents you from hitting Menkaure.
You bite Menkaure, but do no damage.
Menkaure is heavily damaged.
You hit Menkaure.
Menkaure is severely damaged.
You feel like a meek peon again. Menkaure hits you!
You die...

##### #...# #...#
#...# #### ....#
###..# ....#
###...)##### ....#
##...##.#...# .####
#..##...#.@.# .#
#.###.###.M.# .#
#.##........# ##
##.##...##)..# ###
#..##.####...#
..####.##..# #....#
..##...#...###.####
.....##P.P.##..#
..######.###..##


You could see Menkaure.

Vanquished Creatures
  A water moccasin (D:5)
  A necrophage (D:5)
  An ogre (D:2)
  A centaur (D:5)
  2 scorpions
  A bullfrog zombie (D:5)
  A jelly (D:4)
  A bullfrog skeleton (D:4)
  An orc priest (D:4)
  A hound skeleton (D:4)
  Robin (D:2)
  A howler monkey skeleton (D:5)
  5 adders
  A white imp (D:4)
  An ufetubus (D:5)
  A worm (D:3)
  A dart slug (D:1)
  2 orcs
  8 ball pythons
  3 bats
  6 endoplasms
  15 goblins
  5 hobgoblins
  5 jackals (D:1)
  A quokka (D:1)
  3 frilled lizards
  12 kobolds
  8 rats (D:1)
90 creatures vanquished.

Notes
Turn   | Place    | Note
-------+----------+-------------------------------------------
     0 | D:5      | Reached skill level 9 in Stealth
     0 | D:5      | flotson the Gnoll Delver began the quest for the Orb.
     0 | D:5      | Reached XP level 1. HP: 23/23 MP: 1/1
     8 | D:5      | Noticed a scorpion
    32 | D:5      | Noticed a centaur
    73 | D:4      | Reached XP level 2. HP: 29/29 MP: 2/2
   121 | D:4      | Found a staircase to the Ecumenical Temple.
   127 | Temple   | Entered the Ecumenical Temple
   169 | Temple   | Became a worshipper of Warmaster Okawaru
   395 | D:2      | Reached XP level 3. HP: 33/35 MP: 3/3
   757 | D:2      | Found a shadowy altar of Dithmenos.
   901 | D:1      | Reached skill level 1 in Invocations
  1251 | D:1      | Reached skill level 1 in Short Blades
  1251 | D:1      | Reached skill level 1 in Long Blades
  1251 | D:1      | Reached skill level 1 in Axes
  1251 | D:1      | Reached skill level 1 in Maces & Flails
  1251 | D:1      | Reached skill level 1 in Staves
  1251 | D:1      | Reached skill level 1 in Slings
  1251 | D:1      | Reached skill level 1 in Bows
  1251 | D:1      | Reached skill level 1 in Crossbows
  1251 | D:1      | Reached skill level 1 in Throwing
  1251 | D:1      | Reached skill level 1 in Armour
  1251 | D:1      | Reached skill level 1 in Shields
  1251 | D:1      | Reached skill level 1 in Unarmed Combat
  1251 | D:1      | Reached skill level 1 in Spellcasting
  1251 | D:1      | Reached skill level 1 in Evocations
  1348 | D:1      | Reached XP level 4. HP: 35/41 MP: 5/5
  1859 | D:2      | Noticed an ogre
  1880 | D:2      | Killed an ogre
  1881 | D:2      | Reached skill level 1 in Conjurations
  1881 | D:2      | Reached skill level 1 in Hexes
  1881 | D:2      | Reached skill level 1 in Summonings
  1881 | D:2      | Reached skill level 1 in Necromancy
  1881 | D:2      | Reached skill level 1 in Translocations
  1881 | D:2      | Reached skill level 1 in Transmutations
  1881 | D:2      | Reached skill level 1 in Fire Magic
  1881 | D:2      | Reached skill level 1 in Ice Magic
  1881 | D:2      | Reached skill level 1 in Air Magic
  1881 | D:2      | Reached skill level 1 in Earth Magic
  1881 | D:2      | Reached skill level 1 in Poison Magic
  1881 | D:2      | Reached XP level 5. HP: 47/47 MP: 5/7
  2089 | D:2      | Noticed Robin
  2350 | D:2      | Killed Robin
  2715 | D:3      | Found a faded altar of an unknown god.
  3281 | D:4      | Reached XP level 6. HP: 44/53 MP: 8/8
  3699 | D:4      | Reached skill level 5 in Polearms
  3699 | D:4      | Reached skill level 5 in Dodging
  4058 | D:5      | Reached * piety under Okawaru
  4059 | D:5      | Reached XP level 7. HP: 35/60 MP: 10/10
  5302 | D:5      | Noticed Eustachio
  5306 | D:5      | Noticed Menkaure
  5319 | D:4      | Slain by Menkaure

Illustrated notes

Levels and vault maps discovered:
D:1:      dpeg_arrival_ratfight, layout_basic
D:2:      layout_rooms, basic_altar, serial_rivers,
          chequers_serial_rivers_large_b, chequers_serial_rivers_marsh,
          chequers_serial_rivers_small_a, chequers_serial_rivers_room_b,
          chequers_serial_rivers_micro_c, uniq_robin
D:3:      layout_loops_ring, hellmonk_ecumenical_altar_arch_garden
D:4:      layout_rooms, minmay_temple_entry_gardened_gates
D:5:      layout_basic, chequers_serial_rivers_micro_e, uniq_duvessa,
          uniq_eustachio, uniq_menkaure, uniq_blork_the_orc
Temple:   regret_index_temple_waves

Skill      XL: |  1  2  3  4  5  6  7 |
---------------+----------------------+-----
Stealth        | |  9.9
Invocations    | 1 2 3 |  3.0
Short Blades   | 1 2 |  2.7
Long Blades    | 1 2 |  2.7
Axes           | 1 2 |  2.7
Maces & Flails | 1 2 |  2.7
Staves         | 1 2 |  2.7
Slings         | 1 2 |  2.7
Bows           | 1 2 |  2.7
Crossbows      | 1 2 |  2.7
Throwing       | 1 2 |  2.7
Armour         | 1 2 |  2.7
Shields        | 1 2 |  2.7
Unarmed Combat | 1 2 |  2.7
Spellcasting   | 1 2 |  2.7
Evocations     | 1 2 |  2.7
Conjurations   | 1 2 |  2.2
Hexes          | 1 2 |  2.2
Summonings     | 1 2 |  2.2
Necromancy     | 1 2 |  2.2
Translocations | 1 2 |  2.2
Transmutations | 1 2 |  2.2
Fire Magic     | 1 2 |  2.2
Ice Magic      | 1 2 |  2.2
Air Magic      | 1 2 |  2.2
Earth Magic    | 1 2 |  2.2
Poison Magic   | 1 2 |  2.2
Polearms       | 5 |  5.4
Dodging        | 5 |  5.4
Fighting       | 7 |  7.1

Action                   |  1- 3 |  4- 6 |  7- 9 || total
-------------------------+-------+-------+-------++-------
Melee: Spear             |   108 |    23 |       ||   131
       Bite              |     5 |    12 |     7 ||    24
       Short sword       |       |   138 |    76 ||   214
 Fire: Hunting sling     |     2 |     7 |    14 ||    23
Throw: Dart              |       |     3 |     2 ||     5
Invok: Heroism           |       |       |     3 ||     3
Evoke: Wand              |       |     4 |       ||     4
  Use: Potion            |     1 |     1 |     1 ||     3
       Scroll            |       |       |     1 ||     1
 Stab: Sleeping          |    18 |    12 |       ||    30
       Paralysed         |       |     2 |       ||     2
Armor: Ring mail         |    27 |    71 |    29 ||   127
       Leather armour    |     2 |       |       ||     2
Dodge: Dodged            |    43 |    49 |    22 ||   114
Block: Tower shield      |    21 |   117 |    53 ||   191

Table legend: (Time is in decaauts)
 A = Elapsed time spent in this place.
 B = Non-inter-level travel time spent in this place.
 C = Inter-level travel time spent in this place.
 D = Time resting spent in this place.
 E = Time spent auto-exploring this place.
 F = Levels seen in this place.
 G = Mean time per level.
                   A        B        C        D        E       F      G
               +--------+--------+--------+--------+--------+-----+--------+
         Total |   5432 |   5232 |    200 |   1121 |   3037 |   6 |  905.3 |
       Dungeon |   5370 |   5190 |    180 |   1121 |   3007 |   5 | 1074.0 |
        Temple |     62 |     42 |     20 |      0 |     30 |   1 |   62.0 |
               +--------+--------+--------+--------+--------+-----+--------+

Top non-repeatable levels by time:
     D:4: 1462 daAuts
     D:1: 1280 daAuts
     D:2: 895 daAuts
     D:5: 883 daAuts
     D:3: 848 daAuts
  Temple: 62 daAuts
